AoeStats
← 加布里猫耳爵士

Arabia

505222717Analyzed
1v1 RM · 24d ago on Sep 8, 2026· 22m 41s· 2 players
Game mode
Random Map
Map size
Tiny (2 player)
Population
200
Speed
Normal
Resources
Standard
Victory
Conquest
Starting age
Dark Age
Ending age
Imperial Age
RankedLock teamsTeams togetherTeam positionsShared explorationLock speedFull tech treeHidden civsTurbo modeCheats
Victory
Defeat
🇻🇳 Celts · Vietnam
1198
+17
🇨🇳 Inca · China
1224
-17
anitiger9486
8:16 Loom
10:29 Feudal Age
11:46 Double-Bit Axe
12:26 Man-at-Arms
15:20 Fletching
15:49 Gold Mining
20:05 Wheelbarrow
23:32 Castle Age
加布里猫耳爵士
6:15 Loom
8:39 Feudal Age
9:34 Champi Runner
17:37 Double-Bit Axe
22:31 Castle Age
20:33 Scale Mail Armor
Connection lost

Rejoining the realm…

Still unreachable

The connection could not be restored.

Session expired

The server has moved on; the page needs a fresh start.